 Dungeon Crawl Stone Soup version 0.21-a0-356-g45b0a09 (webtiles) character file.

1897 tof the Cruncher (level 8, 0/70 HPs)
             Began as a Minotaur Gladiator on Oct 12, 2017.
             Was a Believer of Okawaru.
             Succumbed to a worker ant's poison
             ... on level 5 of the Dungeon.
             The game lasted 00:08:28 (4526 turns).

tof the Cruncher (Minotaur Gladiator)               Turns: 4526, Time: 00:08:28

Health: 0/70       AC: 10    Str: 18    XL:     8   Next: 93%
Magic:  7/7        EV: 13    Int:  5    God:    Okawaru [**....]
Gold:   172        SH:  3    Dex: 15    Spells: 7/7 levels left

rFire    . . .     SeeInvis .   r - +3 quarterstaff (chaos)
rCold    . . .     Gourm    .   (shield currently unavailable)
rNeg     . . .     Faith    .   q - +0 scale mail
rPois    .         Spirit   .   c - +0 hat
rElec    .         Reflect  +   s - +0 cloak
rCorr    .         Harm     .   l - +0 pair of gloves
MR       .....                  (no boots)
Stlth    ..........             k - +3 amulet of reflection
HPRegen  0.21/turn              b - ring of wizardry
MPRegen  0.10/turn              (no ring)

@: lethally poisoned (0 -> -3)
A: retaliatory headbutt, horns 2
a: Heroism, Renounce Religion


You were on level 5 of the Dungeon.
You worshipped Okawaru.
Okawaru was pleased with you.
You were not hungry.

You visited 1 branch of the dungeon, and saw 6 of its levels.

You collected 172 gold pieces.

Inventory:

Hand Weapons
 r - a +3 quarterstaff of chaos (weapon)
Missiles
 d - 3 throwing nets
 m - 3 tomahawks (quivered)
Armour
 c - a +0 hat (worn)
 l - a +0 pair of gloves (worn)
 q - a +0 scale mail (worn)
 s - a +0 cloak (worn)
Jewellery
 b - a ring of wizardry (left hand)
 k - a +3 amulet of reflection (around neck)
Scrolls
 a - a scroll of teleportation {unknown}
 i - a scroll of remove curse
 j - a scroll of enchant armour
 p - a scroll of blinking
 t - a scroll of identify
Potions
 g - a potion of curing
 h - a potion of might {unknown}
 n - a potion of flight {unknown}
Books
 v - a book of Geomancy

   Spells                             Type                      Level
   a - Sandblast                      Earth                        1
   b - Passwall                       Transmutation/Earth          2
   c - Stone Arrow                    Conjuration/Earth            3
   d - Petrify                        Transmutation/Earth          4
   e - Lee's Rapid Deconstruction     Earth                        5
Comestibles
 f - 5 bread rations
 o - 2 royal jellies


   Skills:
 + Level 5.7 Fighting
 * Level 8.3 Staves
 + Level 4.7 Throwing
 * Level 7.3 Armour
 + Level 5.8 Dodging


You had 7 spell levels left.
You didn't know any spells.

Dungeon Overview and Level Annotations

Branches:
Dungeon (6/15)             Temple (0/1) D:5

Altars:
Elyvilon
Nemelex Xobeh
Okawaru
Ru
Sif Muna
Yredelemnul

Shops:
D:4 [   D:5 (

Annotations:
Abyss:1 Sigmund


Innate Abilities, Weirdness & Mutations

You reflexively headbutt those who attack you in melee.
You have a pair of horns on your head.


Message History

The bullfrog completely misses you. You furiously retaliate!
You headbutt the bullfrog.
You climb upwards.
There is a stone staircase leading down here.
The worker ant bites you but does no damage.
The bullfrog hits you.
* * * LOW HITPOINT WARNING * * *
The worker ant waves its antennae.
The worker ant bites you.
* * * LOW HITPOINT WARNING * * *
You are lethally poisoned!
The worker ant poisons you!
* * * LOW HITPOINT WARNING * * *
You feel sick.
The bullfrog hits you but does no damage.
* * * LOW HITPOINT WARNING * * *
You feel sick.
* * * LOW HITPOINT WARNING * * *
You feel sick. The bullfrog misses you.
You die...

#######.......................#
# ##.............#####.####
##.....#.....## #..#
#####...##### ##.#######
###########.### ##.........
#.........#.# #..########
#.....<>..#.# ##.## #
#.........#.########..# #
#........a.oF.@......##
#.........############
#.........# ###########


You could see a bullfrog, a worker ant and an orc priest.

Vanquished Creatures
  Prince Ribbit (D:5)
  Edmund (D:4)
  A water moccasin (D:5)
  Duvessa (D:4)
  An ice beast (D:5)
  A phantom (D:5)
  3 ogres (D:5)
  Dowan (D:4)
  A scorpion (D:4)
  2 jellies (D:2)
  Crazy Yiuf (D:3)
  4 orc priests
  3 orc wizards
  2 iguanas
  Terence (D:2)
  Natasha (thrice) (D:3)
  3 worker ants
  Robin (D:3)
  7 adders
  11 oozes
  3 worms
  A leopard gecko (D:2)
  6 orcs
  A bat zombie (D:1)
  5 giant cockroaches
  14 hobgoblins
  2 quokkas (D:3)
  A ball python (D:2)
  7 bats
  3 frilled lizards
  18 goblins
  14 kobolds
  A quokka zombie (D:1)
  4 rats
129 creatures vanquished.

Vanquished Creatures (others)
  2 fungi (D:2)
  9 toadstools (D:2)
11 creatures vanquished.

Grand Total: 140 creatures vanquished

Notes
Turn   | Place    | Note
-------+----------+-------------------------------------------
     0 | D:1      | tof the Minotaur Gladiator began the quest for the Orb.
     0 | D:1      | Reached XP level 1. HP: 18/18 MP: 0/0
   215 | D:1      | Reached XP level 2. HP: 24/25 MP: 1/1
   240 | D:1      | Reached skill level 1 in Armour
   494 | D:1      | Reached skill level 4 in Staves
   751 | D:1      | Reached XP level 3. HP: 16/30 MP: 2/2
  1218 | D:2      | Noticed Terence
  1226 | D:2      | Killed Terence
  1226 | D:2      | Reached XP level 4. HP: 31/37 MP: 3/3
  1506 | D:2      | Reached XP level 5. HP: 28/45 MP: 4/4
  1578 | D:2      | Reached skill level 5 in Staves
  1816 | D:2      | Found a faded altar of an unknown god.
  2180 | D:3      | Reached XP level 6. HP: 34/52 MP: 5/5
  2310 | D:3      | Found an iron altar of Okawaru.
  2337 | D:3      | Became a worshipper of Warmaster Okawaru
  2643 | D:3      | Found a sacrificial altar of Ru.
  2643 | D:3      | Found a basalt altar of Yredelemnul.
  2652 | D:3      | Found a deep blue altar of Sif Muna.
  2675 | D:3      | Noticed Robin
  2679 | D:3      | Killed Robin
  2707 | D:3      | Noticed Natasha
  2714 | D:3      | Killed Natasha
  2732 | D:3      | Noticed Natasha
  2737 | D:3      | Killed Natasha
  2771 | D:3      | Found a runed door.
  2775 | D:3      | Noticed Crazy Yiuf
  2778 | D:3      | Killed Crazy Yiuf
  2863 | D:3      | Noticed Natasha
  2869 | D:3      | Killed Natasha
  3059 | D:4      | Noticed Edmund
  3070 | D:4      | Killed Edmund
  3070 | D:4      | Reached skill level 6 in Staves
  3070 | D:4      | Reached XP level 7. HP: 32/59 MP: 6/6
  3277 | D:4      | Reached skill level 5 in Armour
  3290 | D:4      | Noticed Dowan
  3291 | D:4      | Noticed Duvessa
  3304 | D:4      | Killed Duvessa
  3304 | D:4      | Reached * piety under Okawaru
  3308 | D:4      | Killed Dowan
  3409 | D:4      | Noticed Sigmund
  3413 | D:4      | Banished Sigmund
  3511 | D:4      | Reached skill level 5 in Dodging
  3520 | D:4      | Found Wicsylli's Antique Armour Boutique.
  3750 | D:5      | Entered Level 5 of the Dungeon
  3758 | D:5      | Reached skill level 7 in Staves
  3758 | D:5      | Reached XP level 8. HP: 67/67 MP: 7/7
  3772 | D:5      | Noticed Prince Ribbit
  3776 | D:5      | Killed Prince Ribbit
  3776 | D:5      | Reached ** piety under Okawaru
  3776 | D:5      | Reached skill level 5 in Fighting
  3831 | D:5      | Reached skill level 8 in Staves
  4102 | D:5      | Found a white marble altar of Elyvilon.
  4222 | D:5      | Found Muyff's Antique Weapon Emporium.
  4409 | D:5      | Found a sparkling altar of Nemelex Xobeh.
  4442 | D:5      | Found a staircase to the Ecumenical Temple.
  4515 | D:6      | HP: 1/70 [bullfrog (3)]
  4521 | D:5      | HP: 3/70 [worker ant (1)]
  4524 | D:5      | HP: 1/70 [poisoned by a worker ant]
  4526 | D:5      | Succumbed to a worker ant's poison

Vault maps used:
D:1:      saegor_arrival_fortress
D:2:      cheibrodos_fertilizer, chequers_ecumenical_altar_twisty, uniq_terence
D:3:      okawaru_gym_becter, gammafunk_temple_overflow_forgotten, uniq_robin,
          uniq_crazy_yiuf_cottage, uniq_natasha
D:4:      serial_shops, kennysheep_mini_moat, first_bread, uniq_sigmund,
          uniq_edmund, uniq_duvessa
D:5:      lemuel_crystal_altar, minmay_temple_entry_poolview, serial_shops,
          shop, nemelex_dance_club_becter, uniq_prince_ribbit1
D:6:      corexii_checkpoint_a, kennysheep_generic_room_13

Skill      XL: |  1  2  3  4  5  6  7  8 |
---------------+-------------------------+-----
Armour         | 1 2 3 4 5 7 |  7.3
Staves         | 4 5 6 7 8 |  8.3
Fighting       | 3 4 5 |  5.7
Dodging        | 4 5 |  5.8
Throwing       | 3 4 |  4.7

Action                   |  1- 3 |  4- 6 |  7- 9 || total
-------------------------+-------+-------+-------++-------
Melee: Quarterstaff      |    51 |   181 |    89 ||   321
       Headbutt          |     7 |    34 |    20 ||    61
  Use: Scroll            |       |     6 |     3 ||     9
       Potion            |       |       |     1 ||     1
 Stab: Sleeping          |     1 |       |       ||     1
       Paralysed         |       |       |     4 ||     4
  Eat: Chunk             |     1 |     1 |     5 ||     7
       Bread ration      |       |     1 |       ||     1
Armor: Leather armour    |    18 |     1 |       ||    19
       Scale mail        |       |    41 |    39 ||    80
Dodge: Dodged            |    41 |    86 |    58 ||   185
Block: Other             |       |    19 |    15 ||    34
       Reflection        |       |     2 |       ||     2

Table legend:
 A = Spawn XP
 B = Non-spawn XP
 C = Spawn XP percentage of total XP
 D = Spawn monster count
 E = Non-spawn monster count
 F = Spawn count percentage of total count
 G = Total turns spent on level
                    A         B        C        D         E        F      G
               +---------+---------+-------+---------+---------+-------+---------
         Total |       0 |    2710 |   0.0 |       0 |     130 |   0.0 |  4526
               +---------+---------+-------+---------+---------+-------+---------
           D:1 |       0 |      51 |   0.0 |       0 |      17 |   0.0 |   976
           D:2 |       0 |     266 |   0.0 |       0 |      45 |   0.0 |  1050
           D:3 |       0 |     391 |   0.0 |       0 |      40 |   0.0 |  1033
           D:4 |       0 |     697 |   0.0 |       0 |       9 |   0.0 |   859
           D:5 |       0 |    1284 |   0.0 |       0 |      18 |   0.0 |   576
           D:6 |       0 |      21 |   0.0 |       0 |       1 |   0.0 |    32
               +---------+---------+-------+---------+---------+-------+---------
